 Dungeon Crawl Stone Soup version 0.25-a0-578-gc91f01c39c (webtiles) character file.

Game seed: 5220762950357055556, levelgen mode: deterministic

633 Flugslaktarn the Chopper (level 7, -3/64 HPs)
             Began as a Deep Dwarf Fighter on Mar 5, 2020.
             Slain by an ogre
             ... wielding a +0 giant club
              (25 damage)
             ... on level 4 of the Dungeon.
             The game lasted 00:00:43 (682 turns).

Flugslaktarn the Chopper (Deep Dwarf Fighter)        Turns: 682, Time: 00:00:44

Health: -3/64      AC:  7    Str: 22    XL:     7   Next: 24%
Magic:  5/5        EV:  7    Int:  8    God:
Gold:   122        SH: 10    Dex: 12    Spells: 6/6 levels left

rFire    . . .     SeeInvis .   a - +0 war axe
rCold    . . .     Gourm    .   c - +0 kite shield
rNeg     . . .     Faith    .   b - +0 scale mail
rPois    .         Spirit   .   (no helmet)
rElec    .         Reflect  .   (no cloak)
rCorr    .         Harm     .   (no gloves)
MR       +....                  (no boots)
Stlth    ..........             (no amulet)
HPRegen  0.00/turn              (no ring)
MPRegen  0.09/turn              (no ring)

@: non-regenerating
A: damage resistance, heal wounds, sense surroundings 1, no regeneration
a: Heal Wounds


You were on level 4 of the Dungeon.
You were not hungry.

You visited 1 branch of the dungeon, and saw 4 of its levels.

You collected 122 gold pieces.

Inventory:

Hand Weapons
 a - a +0 war axe (weapon)
Armour
 b - a +0 scale mail (worn)
 c - a +0 kite shield (worn)
Jewellery
 o - an uncursed amulet of the gourmand {unknown}
   (You found it on level 4 of the Dungeon)
Scrolls
 g - a scroll of remove curse {unknown}
 h - 2 scrolls of identify {unknown}
 i - 2 scrolls of fear {unknown}
 j - 2 scrolls of amnesia {unknown}
 l - a scroll of magic mapping {unknown}
Potions
 d - 3 potions of might
 k - 3 potions of heal wounds {unknown}
 m - a potion of curing {unknown}
 n - a potion of brilliance {unknown}
Comestibles
 e - 4 rations
 f - 2 chunks of flesh


   Skills:
 + Level 4.1 Fighting
 * Level 5.8 Axes
 + Level 5.0 Armour
 + Level 5.0 Shields


You had 6 spell levels left.
You didn't know any spells.
Your spell library was empty.

Dungeon Overview and Level Annotations

Branches:
Dungeon (4/15)
 Temple: D:4-7

Altars:


Innate Abilities, Weirdness & Mutations

You are resistant to damage.
You can heal yourself by infusing magical energy.
You passively map a small area around you.
You do not regenerate.


Message History

h - 2 scrolls labeled NACOME DEQU (gained 1) Some of the chunks of flesh in your inventory have rotted away.
You now have 122 gold pieces (gained 8).
An orc and an ogre come into view.
The orc shouts!
The ogre shouts!
You hear a shout!
The orc moves out of view.
You barely miss the orc. The orc hits you but does no damage.
The ogre hits you with a +0 giant club!!
You closely miss the ogre. You slash the orc!
You kill the orc!
The ogre hits you with a +0 giant club.
You slash the ogre!
The ogre is moderately wounded.
You block the ogre's attack.
You slash the ogre!
The ogre is severely wounded.
You hit the ogre but do no damage.
The ogre is severely wounded.
The ogre hits you with a +0 giant club!!
You die...

###
#.#############
#.............#
#.###########.#
#.# #.# #.#
#.#####
#####.##
#......
#......#
#.#####
#.....@# ###
#....O)# **
#....... ,
#####.... ,* *
, #....., *, *
#......,
#.......
########. , * *
* * *


You could see an ogre.

Vanquished Creatures
  Pikel (D:4)
  A slave (D:4)
  A centaur skeleton (D:4)
  An orc priest (D:3)
  An iguana (D:4)
  An orc wizard (D:3)
  2 adders
  An ooze (D:4)
  An adder skeleton (D:4)
  2 worms (D:3)
  2 leopard geckos
  5 orcs
  A giant cockroach (D:2)
  6 goblins
  2 hobgoblins
  2 jackals (D:4)
  A ball python (D:1)
  A bat (D:1)
  A frilled lizard (D:1)
  3 kobolds
  2 rats
38 creatures vanquished.

Vanquished Creatures (others)
  A ball python (D:3)
1 creature vanquished.

Grand Total: 39 creatures vanquished

Notes
Turn   | Place    | Note
-------+----------+-------------------------------------------
     0 | D:1      | Flugslaktarn the Deep Dwarf Fighter began the quest for the
                  | Orb.
     0 | D:1      | Reached XP level 1. HP: 20/20 MP: 1/1
   167 | D:2      | Reached XP level 2. HP: 21/27 MP: 2/2
   283 | D:3      | Reached XP level 3. HP: 28/33 MP: 3/3
   332 | D:3      | Reached XP level 4. HP: 24/42 MP: 4/4
   529 | D:4      | Noticed Pikel
   529 | D:4      | Noticed a slave
   529 | D:4      | Noticed a slave
   529 | D:4      | Noticed a slave
   530 | D:4      | Noticed a slave
   565 | D:4      | Killed a slave
   576 | D:4      | HP: 1/42 [iguana (6)]
   591 | D:4      | Reached XP level 5. HP: 32/49 MP: 3/3
   592 | D:4      | Killed Pikel
   592 | D:4      | Reached skill level 5 in Axes
   592 | D:4      | Reached skill level 5 in Armour
   592 | D:4      | Reached skill level 5 in Shields
   592 | D:4      | Reached XP level 6. HP: 38/57 MP: 4/4
   592 | D:4      | Reached XP level 7. HP: 42/64 MP: 5/5
   682 | D:4      | Slain by an ogre

Levels and vault maps discovered:
D:1:      dpeg_arrival_simpleton_c, layout_loops_ring
D:2:      layout_basic
D:3:      layout_loops_ring, elyvilon_altar_4, uniq_natasha
D:4:      layout_basic, minmay_temple_entry_poolview, first_ration,
          minmay_distorted, uniq_pikel

Skill      XL: |  1  2  3  4  5 |
---------------+----------------+-----
Axes           | 3 4 5 |  5.8
Fighting       | 3 4 |  4.1
Armour         | 4 5 |  5.0
Shields        | 4 5 |  5.0

Action                   |  1- 3 |  4- 6 |  7- 9 || total
-------------------------+-------+-------+-------++-------
Melee: War axe           |    69 |    71 |     7 ||   147
 Abil: Heal Wounds       |     1 |     7 |       ||     8
Armor: Scale mail        |    27 |    23 |     1 ||    51
Dodge: Dodged            |    23 |    37 |       ||    60
Block: Kite shield       |    37 |    57 |     3 ||    97

Table legend:
 A = Non-vault XP
 B = Vault XP
 C = Vault XP percentage of total XP
 D = Non-vault monster count
 E = Vault monster count
 F = Vault count percentage of total count
                 A         B        C        D         E       F
            +---------+---------+-------+---------+---------+-------
      Total |     232 |     673 |  74.4 |      36 |       1 |   2.7
            +---------+---------+-------+---------+---------+-------
        D:1 |       9 |       0 |   0.0 |       6 |       0 |   0.0
        D:2 |      28 |       0 |   0.0 |       9 |       0 |   0.0
        D:3 |     119 |       0 |   0.0 |      14 |       0 |   0.0
        D:4 |      76 |     673 |  89.9 |       7 |       1 |  12.5
            +---------+---------+-------+---------+---------+-------
